Map: Fear and Faith LE

Players

RipNHammer - Winner!

  • Race: Terran Terran
  • League: Master
  • Spawn Location: 1:00

Price

  • Race: Protoss Protoss
  • League: Diamond
  • Spawn Location: 11:00

VOD

Have the link to the VOD?

Description

Time

  • Played on: Sept. 6, 2026, 8:02 p.m.
  • Length: 6:48
Show
View Real Time Build Order
Export as new Build Order

RipNHammer Terran - Winner!

Build Orders: Reaper Expand 

Get SALT Encoding   

  8  0:00  SCV  
  9  0:12  SCV  
  10  0:24  SCV  
  11  0:36  SCV  
  11  0:38  Supply Depot  
  12  0:49  SCV  
  13  1:01  Barracks  
  13  1:03  SCV  
  14  1:06  Refinery  
  14  1:15  SCV  
  15  1:27  SCV  
  16  1:39  SCV  
  17  1:49  Reaper  
  17  1:51  Orbital Command  
  18  2:12  Command Center  
  18  2:18  Engineering Bay  
  18  2:29  SCV  
  19  2:33  Barracks Reactor  
  19  2:35  Supply Depot  
  19  2:41  SCV  
  20  3:00  Barracks  
  20  3:18  SCV  
  21  3:20  Barracks  
  21  3:21  Marine x2, Refinery  
  23  3:34  Bunker  
  23  3:37  SCV  
  24  3:42  Orbital Command  
  24  3:49  SCV  
  24  3:50  Barracks Tech Lab  
  25  3:56  Marine x2  
  25  4:01  SCV  
  27  4:14  Marine x3  
  29  4:17  Barracks Tech Lab  
  29  4:21  SCV  
  30  4:26  Supply Depot  
  30  4:27  SCV  
  31  4:31  Marine x2  
  31  4:33  SCV, Marine  
  31  4:36  Stimpack, Combat Shield  
  35  4:41  SCV  
  35  4:43  Bunker  
  36  4:49  Marine  
  36  4:50  Supply Depot, Marauder  
  36  4:51  Marine  
  40  4:53  SCV x2  
  40  4:58  Marauder  
  44  5:05  SCV x2  
  46  5:07  Supply Depot  
  46  5:08  Marine  
  47  5:17  Supply Depot  
  47  5:18  SCV  
  47  5:20  Marine  
  49  5:22  Engineering Bay  
  49  5:24  Marine  
  50  5:31  SCV  
  50  5:35  Marine, Marauder  
  54  5:40  SCV  
  55  5:44  Marine  
  55  5:45  Marauder  
  55  5:49  SCV  
  59  5:53  Marine  
  59  5:54  SCV, Concussive Shells  
  63  5:57  Marauder  
  63  6:02  Marine  
  64  6:04  SCV  
  64  6:11  Supply Depot  
  65  6:17  Marine  
  65  6:18  Marine, Command Center, Marauder  
  69  6:19  SCV  
  70  6:26  SCV  
  70  6:31  SCV  
Show
View Real Time Build Order
Export as new Build Order

Price Protoss 

Build Orders:  

Get SALT Encoding   

  8  0:00  Probe  
  9  0:12  Probe  
  10  0:23  Pylon  
  10  0:29  Probe  
  11  0:42  Probe (Chrono Boost)  
  12  0:50  Gateway  
  12  0:54  Probe (Chrono Boost)  
  13  1:03  Probe  
  14  1:08  Assimilator  
  14  1:15  Probe (Chrono Boost)  
  15  1:25  Probe (Chrono Boost)  
  16  1:30  Probe (Chrono Boost)  
  17  1:40  Cybernetics Core  
  17  1:42  Probe  
  18  1:54  Probe  
  19  2:01  Pylon  
  19  2:06  Probe (Chrono Boost)  
  20  2:18  Probe (Chrono Boost)  
  20  2:19  Stalker  
  23  2:26  Probe (Chrono Boost)  
  24  2:32  Probe  
  24  2:34  Warp Gate  
  25  2:42  Assimilator  
  25  2:44  Probe  
  25  2:59  Stalker  
  26  3:14  Probe  
  27  3:23  Nexus  
  27  3:26  Probe (Chrono Boost)  
  28  3:32  Twilight Council  
  28  3:36  Pylon  
  28  3:44  Shield Battery  
  28  3:45  Probe  
  29  3:54  Stalker  
  31  3:57  Probe  
  32  4:09  Probe  
  33  4:21  Probe  
  34  4:25  Blink (Chrono Boost)  
  34  4:36  Probe (Chrono Boost)  
  36  4:38  Probe (Chrono Boost)  
  36  4:39  Forge  
  36  4:45  Probe (Chrono Boost)  
  37  4:48  Probe (Chrono Boost)  
  37  4:50  Probe (Chrono Boost)  
  39  4:54  Nexus  
  39  4:57  Pylon  
  39  4:58  Probe  
  40  5:02  Probe  
  41  5:08  Sentry  
  41  5:10  Probe  
  44  5:14  Probe  
  44  5:17  Pylon  
  45  5:22  Probe  
  45  5:26  Gateway  
  45  5:28  Probe  
  47  5:30  Pylon  
  47  5:34  Gateway  
  47  5:36  Probe  
  47  5:40  Probe  
  49  5:48  Probe, Stalker  
  52  5:52  Probe  
  53  5:59  Robotics Facility  
  53  6:00  Probe  
  54  6:04  Probe  
  55  6:12  Stalker, Probe  
  55  6:13  Probe  
  55  6:16  Probe  
  60  6:24  Pylon, Probe  
  62  6:25  Probe  
  62  6:28  Probe  
  62  6:29  Shield Battery  
  59  6:36  Stalker, Probe  
Tags
 
Add a new tag
Caveats
  • Supply blocks, unpowered buildings, or Contaminate may cause inaccurate times.
  • Supply counts are checked every 10 seconds.